 Dungeon Crawl Stone Soup version 0.31-a0-486-g8d68a81214 (webtiles) character file.

Game seed: 558021107126076969

104 AstroCodex24 the Shield-Bearer (level 4, -7/35 HPs)
             Began as a Vampire Fighter on Aug 7, 2023.
             Mangled by an ogre
             ... wielding a +0 giant spiked club
              (21 damage)
             ... on level 5 of the Dungeon.
             The game lasted 00:03:51 (957 turns).

AstroCodex24 the Shield-Bearer (Vampire Fighter)     Turns: 957, Time: 00:03:51

Health: -7/35      AC:  6    Str: 17    XL:     4   Next: 52%
Magic:  4/4        EV:  9    Int: 10    God:
Gold:   57         SH:  5    Dex: 13    Spells: 3/3 levels left

rFire   . . .        a - +0 war axe
rCold   . . .        c - +0 buckler
rNeg    . . .        b - +0 scale mail
rPois   .            (no helmet)
rElec   .            (no cloak)
rCorr   .            (no gloves)
SInv    +            (no boots)
Will    .....        (no amulet) Stlth
                     (no ring)
HPRegen 0.45/turn    (no ring)
MPRegen 0.09/turn

%: no passive effects
@: healing quickly
A: alive, fangs 3, see invisible, vampiric 2
a: Exsanguinate


You were on level 5 of the Dungeon.
You visited 1 branch of the dungeon, and saw 5 of its levels.

You collected 57 gold pieces.

Inventory:

Hand Weapons
 a - a +0 war axe (weapon)
Armour
 b - a +0 scale mail (worn)
 c - a +0 buckler (worn)
Scrolls
 e - a scroll of enchant armour {unknown}
 g - 3 scrolls of summoning {unknown}
 h - a scroll of fear {unknown}
 i - a scroll of identify {unknown}
 k - a scroll of blinking {unknown}
 m - a scroll of vulnerability {unknown}
Potions
 d - a potion of might
 f - a potion of degeneration {unknown}
 j - a potion of attraction {unknown}
 l - 2 potions of heal wounds {unknown}
 n - a potion of curing {unknown}


   Skills:
 + Level 3.0 Fighting
 + Level 2.8 Axes
 + Level 3.0 Armour
 + Level 0.6 Dodging
 + Level 3.4 Shields


You had 3 spell levels left.
You didn't know any spells.
Your spell library was empty.

Dungeon Overview and Level Annotations

Branches:
Dungeon (5/15)
 Temple: D:4-7

Altars:

Shops:
D:1 ((


Innate Abilities, Weirdness & Mutations

Your natural rate of healing is accelerated.
You have razor-sharp teeth.
You have supernaturally acute eyesight. (SInv)
You are afflicted with vampirism and can become a bat while bloodless.


Message History

You hit the scorpion.
The scorpion is moderately wounded.
The scorpion stings you but does no damage.
You hit the scorpion.
The scorpion is heavily wounded.
The scorpion stings you but does no damage.
The scorpion closely misses you.
You slash the scorpion!
The scorpion is almost dead.
The scorpion stings you.
You closely miss the scorpion.
The scorpion is almost dead.
You block the scorpion's attack.
The scorpion stings you but does no damage.
You barely miss the scorpion.
The scorpion is almost dead.
The scorpion stings you. The scorpion closely misses you.
You slash the scorpion!
You kill the scorpion!
Your Fighting skill increases to level 3!
Your Armour skill increases to level 3!
You have reached level 4!
You now have 57 gold pieces (gained 8).
You open the door.
There is an open door here.
An ogre comes into view. It is wielding a +0 giant spiked club.
Found a scroll labelled PENINILUIDD.
The ogre hits you with a +0 giant spiked club!!
Ouch! That really hurt!
You hit the ogre.
The ogre is lightly wounded.
The ogre misses you.
You hit the ogre.
The ogre is lightly wounded.
The ogre barely misses you.
You slash the ogre!
The ogre is moderately wounded.
The ogre hits you with a +0 giant spiked club!!
Ouch! That really hurt!
You die...

### #......# ....
#..<##...###
..?.#########...##...###
............#...........
............#...........
............#...........
............#...........
............#...........
......O@....#...........
............#...........
.....##'#####...####.##.
#### ##...##########.##.
#..................
#..................
#..................
#..................
#..................


You could see an ogre.

Vanquished Creatures
  A scorpion (D:5)
  A worm (D:4)
  3 orcs
  4 ball pythons
  An endoplasm (D:1)
  2 giant cockroaches (D:1)
  4 goblins (D:1)
  4 hobgoblins
  3 jackals (D:1)
  3 kobolds (D:1)
  2 quokkas
  2 bats
  6 rats
36 creatures vanquished.

Notes
Turn   | Place    | Note
-------+----------+-------------------------------------------
     0 | D:1      | AstroCodex24 the Vampire Fighter began the quest for the
                  | Orb.
     0 | D:1      | Reached XP level 1. HP: 17/17 MP: 1/1
   124 | D:1      | Found Inueni's Antique Weapon Shoppe.
   144 | D:1      | Reached XP level 2. HP: 14/23 MP: 2/2
   338 | D:1      | Found Zuod's Antique Weapon Shop.
   577 | D:1      | Found a faded altar of an unknown god.
   677 | D:2      | Gained mutation: You are afflicted with vampirism and can
                  | become a bat while bloodless. [Vampire growth]
   677 | D:2      | Reached XP level 3. HP: 28/28 MP: 3/3
   873 | D:5      | Entered Level 5 of the Dungeon
   900 | D:5      | Noticed a scorpion
   915 | D:5      | Killed a scorpion
   916 | D:5      | Reached XP level 4. HP: 29/35 MP: 4/4
   951 | D:5      | Noticed an ogre
   957 | D:5      | Mangled by an ogre

Illustrated notes

Levels and vault maps discovered:
D:1:      saegor_arrival_simple_e, layout_rooms, serial_shops,
          nicolae_shop_real_fake_doors, nicolae_shop_overgrown_old_shop,
          chequers_ecumenical_altar_simple_redux
D:2:      layout_loops_corners, serial_shops, nicolae_shop_hallway_plus,
          nicolae_shop_tiny_statue_garden
D:3:      layout_loops_ring, cheibrodos_sewer_entry_bend, st_stairs_4
D:4:      layout_gridville, dreamdust_mushroom_princess
D:5:      layout_gridville, zin_academy, minmay_misc_feat_tiny

Skill      XL: |  1  2  3 |
---------------+----------+-----
Axes           | 2 |  2.8
Shields        | 3 |  3.4
Fighting       | 3 |  3.0
Armour         | 3 |  3.0
Dodging        | |  0.6

Action                     |  1- 3 |  4- 6 || total
---------------------------+-------+-------++-------
  Melee: War axe           |    81 |     3 ||    84
         Bite              |     3 |       ||     3
 Armour: Scale mail        |    63 |       ||    63
  Dodge: Dodged            |    39 |     2 ||    41
  Block: Buckler           |    23 |       ||    23

Table legend: (Time is in decaauts)
 A = Elapsed time spent in this place.
 B = Non-inter-level travel time spent in this place.
 C = Inter-level travel time spent in this place.
 D = Time resting spent in this place.
 E = Time spent auto-exploring this place.
 F = Levels seen in this place.
 G = Mean time per level.
                   A        B        C        D        E       F      G
               +--------+--------+--------+--------+--------+-----+--------+
         Total |    994 |    922 |     72 |      0 |      0 |   5 |  198.8 |
       Dungeon |    994 |    922 |     72 |      0 |      0 |   5 |  198.8 |
               +--------+--------+--------+--------+--------+-----+--------+

Top non-repeatable levels by time:
     D:1: 691 daAuts
     D:3: 117 daAuts
     D:5: 88 daAuts
     D:4: 61 daAuts
     D:2: 36 daAuts
